Workbook

Sheet 勤務登録画面
A2: 勤務登録画面 | S2: 非表示 | T2: 非表示 | U2: 非表示 | V2: 非表示
A3: ①日々の勤務終了後、作業内容と時間を記録してください
A4: ②当月の最終勤務終了後、印刷画面シートに必要事項を入力し、メール添付で受入教員まで提出してください
A5: 印刷画面シートへ切り替える
A7: 勤務報告対象年月 | F7: 年 | H7: 月
A8: 提出日
A9: 《執行予算》
A10: BCM予算コード
A11: BCM予算コード名称
A12: 予算執行権限者氏名
A13: （研究費以外の場合のみ）予算名称
A14: 研究代表者氏名
A15: 《被雇用者》
A16: 被雇用者（作業従事者）氏名
A17: 《事務局宛連絡事項》
A19: 《 年休取得時 》
A20: 作業内容欄に「年休」と入力してください
A21: ※年休取得日の勤務時間数の入力は不要です
A23: 日 | B23: 曜日 | C23: 作業内容 ※主たる就業場所以外での勤務は（）書きで場所を追記ください。（略称可） | D23: 勤務時間帯 （開始時刻～終了時刻） | I23: 休憩時間 | K23: 実働分 | L23: 割増分 | M23: 早朝分 | N23: 深夜分 | O23: 実働時間 | Q23: 管理者 サイン・印 | S23: 割増 | U23: 深夜
D24: 時 | E24: 分 | G24: 時 | H24: 分 | I24: 時間 | J24: 分 | S24: 時間 | T24: 分 | U24: 時間 | V24: 分
A25: =IF(DAY(DATE($D$7,$G$7,ROW(A1)))=ROW(A1),ROW(A1),"") -> #NUM! | B25: =IF(A25="","",TEXT(DATE($D$7,$G$7,A25),"aaa")) -> #NUM! | F25: ～ | K25: =(G25*60+H25)-(D25*60+E25)-(I25*60+J25) -> 0 | L25: =IF(K25>480,K25-480,0) -> 0 | M25: =IF(K25>0,MAX(0,(5*60)-(D25*60+E25)),0) -> 0 | N25: =IF(K25>0,MAX(0,(G25*60+H25)-(22*60)),0) -> 0 | O25: =IF(K25>0,INT(K25/60),"") | P25: =IF(K25>0,MOD(K25,60),"") | S25: =IF(K25>480,INT((K25-480)/60),"") | T25: =IF(K25>480,MOD(K25-480,60),"") | U25: =IF(M25+N25>0,INT((M25+N25)/60),"") | V25: =IF(M25+N25>0,MOD(M25+N25,60),"")
A26: =IF(DAY(DATE($D$7,$G$7,ROW(A2)))=ROW(A2),ROW(A2),"") -> #NUM! | B26: =IF(A26="","",TEXT(DATE($D$7,$G$7,A26),"aaa")) -> #NUM! | F26: ～ | K26: =(G26*60+H26)-(D26*60+E26)-(I26*60+J26) -> 0 | L26: =IF(K26>480,K26-480,0) -> 0 | M26: =IF(K26>0,MAX(0,(5*60)-(D26*60+E26)),0) -> 0 | N26: =IF(K26>0,MAX(0,(G26*60+H26)-(22*60)),0) -> 0 | O26: =IF(K26>0,INT(K26/60),"") | P26: =IF(K26>0,MOD(K26,60),"") | S26: =IF(K26>480,INT((K26-480)/60),"") | T26: =IF(K26>480,MOD(K26-480,60),"") | U26: =IF(M26+N26>0,INT((M26+N26)/60),"") | V26: =IF(M26+N26>0,MOD(M26+N26,60),"")
A27: =IF(DAY(DATE($D$7,$G$7,ROW(A3)))=ROW(A3),ROW(A3),"") -> #NUM! | B27: =IF(A27="","",TEXT(DATE($D$7,$G$7,A27),"aaa")) -> #NUM! | F27: ～ | K27: =(G27*60+H27)-(D27*60+E27)-(I27*60+J27) -> 0 | L27: =IF(K27>480,K27-480,0) -> 0 | M27: =IF(K27>0,MAX(0,(5*60)-(D27*60+E27)),0) -> 0 | N27: =IF(K27>0,MAX(0,(G27*60+H27)-(22*60)),0) -> 0 | O27: =IF(K27>0,INT(K27/60),"") | P27: =IF(K27>0,MOD(K27,60),"") | S27: =IF(K27>480,INT((K27-480)/60),"") | T27: =IF(K27>480,MOD(K27-480,60),"") | U27: =IF(M27+N27>0,INT((M27+N27)/60),"") | V27: =IF(M27+N27>0,MOD(M27+N27,60),"")
A28: =IF(DAY(DATE($D$7,$G$7,ROW(A4)))=ROW(A4),ROW(A4),"") -> #NUM! | B28: =IF(A28="","",TEXT(DATE($D$7,$G$7,A28),"aaa")) -> #NUM! | F28: ～ | K28: =(G28*60+H28)-(D28*60+E28)-(I28*60+J28) -> 0 | L28: =IF(K28>480,K28-480,0) -> 0 | M28: =IF(K28>0,MAX(0,(5*60)-(D28*60+E28)),0) -> 0 | N28: =IF(K28>0,MAX(0,(G28*60+H28)-(22*60)),0) -> 0 | O28: =IF(K28>0,INT(K28/60),"") | P28: =IF(K28>0,MOD(K28,60),"") | S28: =IF(K28>480,INT((K28-480)/60),"") | T28: =IF(K28>480,MOD(K28-480,60),"") | U28: =IF(M28+N28>0,INT((M28+N28)/60),"") | V28: =IF(M28+N28>0,MOD(M28+N28,60),"")
A29: =IF(DAY(DATE($D$7,$G$7,ROW(A5)))=ROW(A5),ROW(A5),"") -> #NUM! | B29: =IF(A29="","",TEXT(DATE($D$7,$G$7,A29),"aaa")) -> #NUM! | F29: ～ | K29: =(G29*60+H29)-(D29*60+E29)-(I29*60+J29) -> 0 | L29: =IF(K29>480,K29-480,0) -> 0 | M29: =IF(K29>0,MAX(0,(5*60)-(D29*60+E29)),0) -> 0 | N29: =IF(K29>0,MAX(0,(G29*60+H29)-(22*60)),0) -> 0 | O29: =IF(K29>0,INT(K29/60),"") | P29: =IF(K29>0,MOD(K29,60),"") | S29: =IF(K29>480,INT((K29-480)/60),"") | T29: =IF(K29>480,MOD(K29-480,60),"") | U29: =IF(M29+N29>0,INT((M29+N29)/60),"") | V29: =IF(M29+N29>0,MOD(M29+N29,60),"")
A30: =IF(DAY(DATE($D$7,$G$7,ROW(A6)))=ROW(A6),ROW(A6),"") -> #NUM! | B30: =IF(A30="","",TEXT(DATE($D$7,$G$7,A30),"aaa")) -> #NUM! | F30: ～ | K30: =(G30*60+H30)-(D30*60+E30)-(I30*60+J30) -> 0 | L30: =IF(K30>480,K30-480,0) -> 0 | M30: =IF(K30>0,MAX(0,(5*60)-(D30*60+E30)),0) -> 0 | N30: =IF(K30>0,MAX(0,(G30*60+H30)-(22*60)),0) -> 0 | O30: =IF(K30>0,INT(K30/60),"") | P30: =IF(K30>0,MOD(K30,60),"") | S30: =IF(K30>480,INT((K30-480)/60),"") | T30: =IF(K30>480,MOD(K30-480,60),"") | U30: =IF(M30+N30>0,INT((M30+N30)/60),"") | V30: =IF(M30+N30>0,MOD(M30+N30,60),"")
A31: =IF(DAY(DATE($D$7,$G$7,ROW(A7)))=ROW(A7),ROW(A7),"") -> #NUM! | B31: =IF(A31="","",TEXT(DATE($D$7,$G$7,A31),"aaa")) -> #NUM! | F31: ～ | K31: =(G31*60+H31)-(D31*60+E31)-(I31*60+J31) -> 0 | L31: =IF(K31>480,K31-480,0) -> 0 | M31: =IF(K31>0,MAX(0,(5*60)-(D31*60+E31)),0) -> 0 | N31: =IF(K31>0,MAX(0,(G31*60+H31)-(22*60)),0) -> 0 | O31: =IF(K31>0,INT(K31/60),"") | P31: =IF(K31>0,MOD(K31,60),"") | S31: =IF(K31>480,INT((K31-480)/60),"") | T31: =IF(K31>480,MOD(K31-480,60),"") | U31: =IF(M31+N31>0,INT((M31+N31)/60),"") | V31: =IF(M31+N31>0,MOD(M31+N31,60),"")
A32: =IF(DAY(DATE($D$7,$G$7,ROW(A8)))=ROW(A8),ROW(A8),"") -> #NUM! | B32: =IF(A32="","",TEXT(DATE($D$7,$G$7,A32),"aaa")) -> #NUM! | F32: ～ | K32: =(G32*60+H32)-(D32*60+E32)-(I32*60+J32) -> 0 | L32: =IF(K32>480,K32-480,0) -> 0 | M32: =IF(K32>0,MAX(0,(5*60)-(D32*60+E32)),0) -> 0 | N32: =IF(K32>0,MAX(0,(G32*60+H32)-(22*60)),0) -> 0 | O32: =IF(K32>0,INT(K32/60),"") | P32: =IF(K32>0,MOD(K32,60),"") | S32: =IF(K32>480,INT((K32-480)/60),"") | T32: =IF(K32>480,MOD(K32-480,60),"") | U32: =IF(M32+N32>0,INT((M32+N32)/60),"") | V32: =IF(M32+N32>0,MOD(M32+N32,60),"")
A33: =IF(DAY(DATE($D$7,$G$7,ROW(A9)))=ROW(A9),ROW(A9),"") -> #NUM! | B33: =IF(A33="","",TEXT(DATE($D$7,$G$7,A33),"aaa")) -> #NUM! | F33: ～ | K33: =(G33*60+H33)-(D33*60+E33)-(I33*60+J33) -> 0 | L33: =IF(K33>480,K33-480,0) -> 0 | M33: =IF(K33>0,MAX(0,(5*60)-(D33*60+E33)),0) -> 0 | N33: =IF(K33>0,MAX(0,(G33*60+H33)-(22*60)),0) -> 0 | O33: =IF(K33>0,INT(K33/60),"") | P33: =IF(K33>0,MOD(K33,60),"") | S33: =IF(K33>480,INT((K33-480)/60),"") | T33: =IF(K33>480,MOD(K33-480,60),"") | U33: =IF(M33+N33>0,INT((M33+N33)/60),"") | V33: =IF(M33+N33>0,MOD(M33+N33,60),"")
A34: =IF(DAY(DATE($D$7,$G$7,ROW(A10)))=ROW(A10),ROW(A10),"") -> #NUM! | B34: =IF(A34="","",TEXT(DATE($D$7,$G$7,A34),"aaa")) -> #NUM! | F34: ～ | K34: =(G34*60+H34)-(D34*60+E34)-(I34*60+J34) -> 0 | L34: =IF(K34>480,K34-480,0) -> 0 | M34: =IF(K34>0,MAX(0,(5*60)-(D34*60+E34)),0) -> 0 | N34: =IF(K34>0,MAX(0,(G34*60+H34)-(22*60)),0) -> 0 | O34: =IF(K34>0,INT(K34/60),"") | P34: =IF(K34>0,MOD(K34,60),"") | S34: =IF(K34>480,INT((K34-480)/60),"") | T34: =IF(K34>480,MOD(K34-480,60),"") | U34: =IF(M34+N34>0,INT((M34+N34)/60),"") | V34: =IF(M34+N34>0,MOD(M34+N34,60),"")
A35: =IF(DAY(DATE($D$7,$G$7,ROW(A11)))=ROW(A11),ROW(A11),"") -> #NUM! | B35: =IF(A35="","",TEXT(DATE($D$7,$G$7,A35),"aaa")) -> #NUM! | F35: ～ | K35: =(G35*60+H35)-(D35*60+E35)-(I35*60+J35) -> 0 | L35: =IF(K35>480,K35-480,0) -> 0 | M35: =IF(K35>0,MAX(0,(5*60)-(D35*60+E35)),0) -> 0 | N35: =IF(K35>0,MAX(0,(G35*60+H35)-(22*60)),0) -> 0 | O35: =IF(K35>0,INT(K35/60),"") | P35: =IF(K35>0,MOD(K35,60),"") | S35: =IF(K35>480,INT((K35-480)/60),"") | T35: =IF(K35>480,MOD(K35-480,60),"") | U35: =IF(M35+N35>0,INT((M35+N35)/60),"") | V35: =IF(M35+N35>0,MOD(M35+N35,60),"")
A36: =IF(DAY(DATE($D$7,$G$7,ROW(A12)))=ROW(A12),ROW(A12),"") -> #NUM! | B36: =IF(A36="","",TEXT(DATE($D$7,$G$7,A36),"aaa")) -> #NUM! | F36: ～ | K36: =(G36*60+H36)-(D36*60+E36)-(I36*60+J36) -> 0 | L36: =IF(K36>480,K36-480,0) -> 0 | M36: =IF(K36>0,MAX(0,(5*60)-(D36*60+E36)),0) -> 0 | N36: =IF(K36>0,MAX(0,(G36*60+H36)-(22*60)),0) -> 0 | O36: =IF(K36>0,INT(K36/60),"") | P36: =IF(K36>0,MOD(K36,60),"") | S36: =IF(K36>480,INT((K36-480)/60),"") | T36: =IF(K36>480,MOD(K36-480,60),"") | U36: =IF(M36+N36>0,INT((M36+N36)/60),"") | V36: =IF(M36+N36>0,MOD(M36+N36,60),"")
... A55: =IF(DAY(DATE($D$7,$G$7,ROW(A31)))=ROW(A31),ROW(A31),"") -> #NUM! | B55: =IF(A55="","",TEXT(DATE($D$7,$G$7,A55),"aaa")) -> #NUM! | F55: ～ | K55: =(G55*60+H55)-(D55*60+E55)-(I55*60+J55) -> 0 | L55: =IF(K55>480,K55-480,0) -> 0 | M55: =IF(K55>0,MAX(0,(5*60)-(D55*60+E55)),0) -> 0 | N55: =IF(K55>0,MAX(0,(G55*60+H55)-(22*60)),0) -> 0 | O55: =IF(K55>0,INT(K55/60),"") | P55: =IF(K55>0,MOD(K55,60),"") | S55: =IF(K55>480,INT((K55-480)/60),"") | T55: =IF(K55>480,MOD(K55-480,60),"") | U55: =IF(M55+N55>0,INT((M55+N55)/60),"") | V55: =IF(M55+N55>0,MOD(M55+N55,60),"")
H57: 時間合計 | K57: =SUM(K25:K55) -> 0 | L57: =SUM(L25:L55) -> 0 | M57: =SUM(M25:M55) -> 0 | N57: =SUM(N25:N55) -> 0 | O57: =IF(K57>0,INT(K57/60),"") | P57: =IF(K57>0,MOD(K57,60),"") | S57: =IF(L57>0,INT((L57)/60),"") | T57: =IF(L57>0,MOD(L57,60),"") | U57: =IF(M57+N57>0,INT((M57+N57)/60),"") | V57: =IF(M57+N57>0,MOD(M57+N57,60),"")
C58: 上記、他の勤務と重複していないことを確認しました | O58: 本人確認 | Q58: 月 日
C60: 上記、週28時間以上（学生アルバイト）、週40時間以上（学生アルバイト以外）の勤務ではないことを確認しました

Sheet 印刷画面
A1: ="アルバイト出勤表 （"&勤務登録画面!D7&"年"&勤務登録画面!G7&"月分）" -> アルバイト出勤表 （年月分） | J1: 提出日 | K1: =勤務登録画面!D8 -> 0
A2: ※ 実働時間は1分単位としてください（端数切上げ）。 ※週の起算日は土曜日です。
A3: ※ 労働基準法の定めるところにより1日6時間を超える労働に対しては45分以上の休憩を取得してください。実働時間には昼食などの休憩時間は含みません。
A4: ※ この出勤表は月単位で、月の勤務終了日か遅くとも翌月１日までに、被雇用者（作業従事者)が身分証明書（学生証等）を持参のうえ各リサーチオフィスの窓口に提出して ください。また、個々の雇用契約書に週当たりの勤務日数が個別に定められていますので、必ずご確認ください。
A6: ※ 担当研究者（受入れ教員）または作業指揮（管理）者からリサーチオフィスの予算管理窓口担当者へメール添付（被雇用者及び管理者の自署・押印不要）での提出でも 可能とします。管理者は被雇用者の出勤簿提出を受けて内容を確認のうえ、リサーチオフィスの予算理窓口担当者へ提出してください。
A8: 執行予算 | L8: 年休付与日数 | M8: ='事務局使用欄 '!C14 -> 0 | N8: 日
A9: BCM予算コード | D9: =勤務登録画面!D10&"" | L9: 前月末残日数 | M9: ='事務局使用欄 '!C15 -> 0 | N9: 日
A10: BCM予算コード名称 | D10: =勤務登録画面!D11&"" | L10: 今月取得日数 | M10: ='事務局使用欄 '!C16 -> 0 | N10: 日
A11: 予算執行権限者氏名 | D11: =勤務登録画面!D12&"" | L11: 残日数 | M11: ='事務局使用欄 '!C17 -> 0 | N11: 日
A12: （研究費以外の場合のみ） 予算名称 | D12: =勤務登録画面!D13&""
B13: *科研費あるいは研究高度化推進制度などの共同研究の場合は研究代表者名を記入してください。
B14: 研究代表者 氏 名 | C14: =勤務登録画面!D14&"" | G14: 事務局宛 通 信 欄 | H14: =勤務登録画面!A18
G16: 被雇用者(作業従事者) 氏名： | I16: =勤務登録画面!D16
G17: （印字して提出する際は自署・押印）
B69: 【以下事務局処理欄】 ※本書に記載された個人情報は賃金支払に関する業務に使用し、保管期間経過後は本学にて破棄します。

Sheet 事務局使用欄 
A2: 時給： | D2: 支払区分 | G2: 給与合算・アルバイト給与合算・日額丙 | L2: 実働時間計： | M2: =ROUND(勤務登録画面!K57/60,2) -> 0 | N2: 総日数： | O2: =COUNT(勤務登録画面!D25:D55) -> 0
A3: 雇用番号 | B3: 合計金額 | J3: 源泉税 | K3: 支払（振込）額 | L3: （窓口受付時のみ）本人確認
B4: 通常 | C4: =B2 -> 0 | D4: × | E4: =IF(SUM(勤務登録画面!O57,勤務登録画面!P57)=0,"",IF(E5="",勤務登録画面!O57*60+勤務登録画面!P57,IF(SUM(勤務登録画面!O57,勤務登録画面!P57)=0,"",勤務登録画面!O57*60+勤務登録画面!P57-E5))) | F4: =IF(E4="","","("&INT(E4/60)&"時間"&MOD(E4,60)&"分"&")") | G4: = | H4: =IF(E4="","",ROUNDUP(E4*C4/60,0)) | I4: =IF(H4="","",SUM(H4:H7)) | K4: =ROUNDUP(SUM(I4,I8)-SUM(J4,J8),0) -> 0 | L4: 確認日時・身分証明書 | O4: 確認担当者
B5: 8時間を超えることによる割増 | C5: =B2*1.25 -> 0 | D5: × | E5: =IF(SUM(勤務登録画面!S57,勤務登録画面!T57)=0,"",勤務登録画面!S57*60+勤務登録画面!T57) | F5: =IF(E5="","","("&INT(E5/60)&"時間"&MOD(E5,60)&"分"&")") | G5: = | H5: =IF(E5="","",ROUNDUP(E5*C5/60,0)) | L5: 月 日 ：
B6: 深夜勤務による割増 | C6: =ROUNDUP(B2*0.25,0) -> 0 | D6: × | E6: =IF(SUM(勤務登録画面!U57,勤務登録画面!V57)=0,"",勤務登録画面!U57*60+勤務登録画面!V57) | F6: =IF(E6="","","("&INT(E6/60)&"時間"&MOD(E6,60)&"分"&")") | G6: = | H6: =IF(E6="","",ROUNDUP(E6*C6/60,0))
B7: 法定休日出勤による割増 | C7: =B2*1.35 -> 0 | D7: × | F7: =IF(E7="","","("&INT(E7/60)&"時間"&MOD(E7,60)&"分"&")") | G7: = | H7: =IF(E7="","",ROUNDUP(E7*C7/60,0))
B8: 有給休暇による支払 | C8: =B2 -> 0 | D8: × | F8: =IF(E8="","","("&INT(E8/60)&"時間"&MOD(E8,60)&"分)") | G8: = | H8: =IF(E8="","",ROUNDUP(E8*C8/60,0)) | I8: =IF(H8="","",SUM(H8))
A10: ①時給を入力 （数字のみ）
A11: ②法定休日出勤による割増がある場合は、E7セル,F7セルに時間,分を入力
A12: ③有給休暇取得に伴う支払がある場合は、E8セル,F8セルに時間,分を入力
A13: 以下の表にも入力する
B14: 年休付与日数 | D14: 日
B15: 前月末残日数 | D15: 日
B16: 今月取得日数 | C16: =COUNTIF(勤務登録画面!$C$25:$C$55,"年休") -> 0 | D16: 日
B17: 残日数 | C17: =IF(OR(C15="",,C15=0),C14-C16,C15-C16) -> 0 | D17: 日
A18: ④FB払い（日額丙）の場合、源泉税を入力
A19: ※支払（振込）金額の数式は税引きとなっていますので、適宜修正してください。
A21: ⑤上記以外は自動入力、自動計算されます。
A22: ※年休分は反映されませんので、別途計算する必要があります。
A24: ⑥内容を確認し、印刷画面シートから印刷する
A25: 印刷画面シートへ切り替える
A27: ＜留意事項＞以下に該当する場合は修正を要する
A28: ・1週の超過勤務が40時間超えたとき（時間給の100分の125の超過勤務手当）
A29: ・1か月の超過勤務が60時間を超えたとき（時間給の100分の150の超過勤務手当）
